 Dungeon Crawl Stone Soup version 0.30.1-9-gdf580d7c3d (webtiles) character file.

Game seed: 14979334522325627383

42 leafyfresh the Trooper (level 3, -1/36 HPs)
             Began as a Troll Berserker on Oct 15, 2023.
             Was a Follower of Trog.
             Slain by an orc
             ... wielding a +0 club
              (2 damage)
             ... on level 3 of the Dungeon.
             The game lasted 00:01:23 (1678 turns).

leafyfresh the Trooper (Troll Berserker)            Turns: 1678, Time: 00:01:24

Health: -1/36      AC:  4    Str: 27    XL:     3   Next: 35%
Magic:  2/2        EV: 10    Int:  3    God:    Trog [*.....]
Gold:   40         SH:  0    Dex:  9    Spells: 2/2 levels left

rFire   . .          .
                       - Unarmed
rCold   . . .        (no shield)
rNeg    . . .        b - +0 animal skin
rPois   .            (helmet restricted)
rElec   .            (no cloak)
rCorr   .            (gloves unavailable)
SInv    .            (boots unavailable)
Will    .....        (no amulet)
Stlth   +            (no ring)
HPRegen 1.06/turn    (no ring)
MPRegen 0.08/turn

%: no passive effects
@: confused
A: large, unfitting armour, claws 3, regeneration 1, shaggy fur 1, tough skin 1
a: Renounce Religion, Berserk


You were on level 3 of the Dungeon.
You worshipped Trog.
Trog was aware of your devotion.
You visited 1 branch of the dungeon, and saw 3 of its levels.

You collected 40 gold pieces.

Inventory:

Hand Weapons
 a - a +0 short sword
Armour
 b - a +0 animal skin (worn)
 r - the +3 leather armour "Zugak" {Int+2 Dex+4}
   (You found it on level 2 of the Dungeon)

   Int:       It affects your intelligence (+2).
   Dex:       It affects your dexterity (+4).
Jewellery
 e - a +6 ring of strength
 h - a ring of fire
 m - an amulet of the acrobat
Scrolls
 d - a scroll of magic mapping {unknown}
 g - 2 scrolls of blinking {unknown}
 i - a scroll of identify {unknown}
 j - a scroll of silence {unknown}
 k - a scroll of immolation {unknown}
 o - a scroll of fear {unknown}
Potions
 c - 3 potions of mutation {unknown}
 f - a potion of attraction {unknown}
 l - a potion of heal wounds {unknown}
 n - a potion of brilliance {unknown}
 p - a potion of flight {unknown}
 q - a potion of ambrosia {unknown}
 s - a potion of might {unknown}


   Skills:
 + Level 2.9 Fighting
 - Level 2.4 Short Blades
 + Level 2.9 Dodging
 + Level 1.6 Unarmed Combat


You had 2 spell levels left.
You didn't know any spells.
Your spell library was empty.

Dungeon Overview and Level Annotations

Branches:
Dungeon (3/15)

Altars:
Okawaru


Innate Abilities, Weirdness & Mutations

You are too large for most types of armour.
You have claws for hands.
Your natural rate of healing is unusually fast.
You are covered in fur. (AC +1)
You have tough skin. (AC +1)


Message History

You closely miss the orc wizard.
The orc wizard is lightly wounded.
The orc wizard misses you. The orc barely misses you.
The orc closely misses you. The orc hits you with a +0 club.
* * * LOW HITPOINT WARNING * * *
Unknown command.
You closely miss the orc. The orc wizard barely misses you.
The orc hits you with a +0 dagger.
* * * LOW HITPOINT WARNING * * *
The orc hits you from afar with a +0 trident.
* * * LOW HITPOINT WARNING * * *
The orc closely misses you.
Unknown command.
You miss the orc wizard.
The orc wizard is lightly wounded.
The orc wizard completely misses you. The orc hits you but does no damage.
The orc completely misses you. The orc barely misses you.
Unknown command.
You bump into the rock wall.
The orc wizard mumbles some strange words.
The orc wizard flickers and vanishes!
Deactivating autopickup; reactivate with Ctrl-A.
The orc hits you but does no damage.
The orc hits you from afar with a +0 trident.
* * * LOW HITPOINT WARNING * * *
You miss something. Something hits you but does no damage.
The orc hits you but does no damage. x2; The orc barely misses you.
Unknown command.
You miss something. Something hits you but does no damage.
The orc hits you but does no damage. The orc barely misses you.
You scratch the orc but do no damage. Something hits you.
* * * LOW HITPOINT WARNING * * *
The orc barely misses you. x3
Unknown command.
You bump into the rock wall.
Something hits you.
* * * LOW HITPOINT WARNING * * *
The orc hits you with a +0 dagger.
* * * LOW HITPOINT WARNING * * *
The orc closely misses you. The orc hits you with a +0 club.
You die...

#...###.#
###..."....
..........
##.........
#..........
#<........
#..#####.
#..# #.@#
#o{o......
##..o.....
#.###....
#.# .#. #.#
# #.# #.#


You could see 3 orcs.

Vanquished Creatures
  An adder (D:2)
  An orc (D:3)
  2 endoplasms
  3 giant cockroaches
  3 goblins
  4 hobgoblins
  3 kobolds
  3 quokkas
  2 ball pythons
  2 frilled lizards
  4 rats
28 creatures vanquished.

Notes
Turn   | Place    | Note
-------+----------+-------------------------------------------
     0 | D:1      | leafyfresh the Troll Berserker began the quest for the Orb.
     0 | D:1      | Reached XP level 1. HP: 22/22 MP: 0/0
   269 | D:1      | Reached XP level 2. HP: 29/29 MP: 1/1
   363 | D:1      | Reached skill level 1 in Unarmed Combat
   464 | D:1      | Found a faded altar of an unknown god.
   901 | D:2      | Reached XP level 3. HP: 36/36 MP: 2/2
  1074 | D:2      | Identified the +3 leather armour "Zugak" {Int+2 Dex+4}
  1382 | D:2      | Found an iron altar of Okawaru.
  1674 | D:3      | HP: 1/36 [orc/+0 trident (6)]
  1678 | D:3      | Slain by an orc

Illustrated notes

Levels and vault maps discovered:
D:1:      dpeg_arrival_lava_altar, layout_loops_ring,
          hellmonk_ecumenical_altar_inner_sanctum,
          ebering_dispersal_statue_hall, nicolae_concentric_dashed_squares_wild,
          fountainhead, nrook_uturn
D:2:      layout_basic, basic_altar
D:3:      layout_basic, serial_shops, nicolae_shop_rolling_square, hex_tiny,
          minmay_bisected, uniq_grinder, uniq_robin

Skill      XL: |  1  2 |
---------------+-------+-----
Unarmed Combat | 1 |  1.6
Fighting       | |  2.9
Short Blades   | |  2.4
Dodging        | |  2.9

Action                     || total
---------------------------++-------
  Melee: Unarmed           ||    81
 Armour: Animal skin       ||    21
  Dodge: Dodged            ||    46
